 Dungeon Crawl Stone Soup version 0.24-a0-521-g122614bf49 (webtiles) character file.

Game seed: 1004328126533099756

18 vurker the Chucker (level 2, -1/28 HPs)
             Began as a Troll Hunter on July 28, 2019.
             Slain by a gnoll
             ... wielding a +0 halberd
              (8 damage)
             ... on level 2 of the Dungeon.
             The game lasted 00:01:03 (797 turns).

vurker the Chucker (Troll Hunter)                    Turns: 797, Time: 00:01:04

Health: -1/28      AC:  6    Str: 19    XL:     2   Next: 48%
Magic:  1/1        EV: 10    Int:  9    God:
Gold:   186        SH:  0    Dex: 10    Spells: 1/1 levels left

rFire    . . .     SeeInvis .     - Unarmed
rCold    . . .     Gourm    +   (no shield)
rNeg     . . .     Faith    .   b - +0 robe
rPois    .         Spirit   .   (helmet restricted)
rElec    .         Reflect  .   (no cloak)
rCorr    .         Harm     .   (gloves unavailable)
MR       .....                  (boots unavailable)
Stlth    +.........             (no amulet)
HPRegen  0.49/turn              h - +2 ring of intelligence
MPRegen  0.07/turn              (no ring)

@: no status effects
A: large, unfitting armour, claws 3, fast metabolism 3, gourmand, regeneration
1, shaggy fur 1, tough skin 3
a: no special abilities


You were on level 2 of the Dungeon.
You were full.

You visited 1 branch of the dungeon, and saw 2 of its levels.

You collected 186 gold pieces.

Inventory:

Missiles
 c - 4 large rocks (quivered)
 d - 2 throwing nets
Armour
 b - a +0 robe (worn)
Jewellery
 h - a +2 ring of intelligence (left claw)
   (You found it on level 1 of the Dungeon)
Scrolls
 a - 2 scrolls of noise {unknown}
 f - a scroll of teleportation {unknown}
 g - 2 scrolls of identify {unknown}
 i - 2 scrolls of remove curse {unknown}
 j - a scroll of fear {unknown}
 l - a scroll of immolation {unknown}
Potions
 k - a potion of lignification {unknown}
 m - a potion of berserk rage {unknown}
Comestibles
 e - 2 rations


   Skills:
 + Level 1.8 Fighting
 + Level 3.8 Throwing
 - Level 1.5 Dodging
 - Level 0.3 Stealth
 * Level 1.4 Unarmed Combat


You had one spell level left.
You didn't know any spells.
Your spell library was empty.

Dungeon Overview and Level Annotations

Branches:
Dungeon (2/15)

Altars:


Innate Abilities, Weirdness & Mutations

You are too large for most types of armour.
You have claws for hands.
Your metabolism is lightning-fast.
You like to eat raw meat.
Your natural rate of healing is unusually fast.
You are covered in fur. (AC +1)
You have extremely tough skin. (AC +3)


Message History

There is an open door here.
i - 2 scrolls labeled XUIBBU LORYUNO (gained 1)
There is an open door here.
There is an open door here.
You see here an uncursed ring of fire.
Done exploring.
Done exploring.
Done exploring.
Done exploring.
Done exploring.
There is a stone staircase leading down here.
You climb downwards.
Found a smoky golden potion.
There is a stone staircase leading up here.
m - a smoky golden potion
Found a sedimented coppery potion.
A gnoll and a kobold come into view.
The kobold shouts!
You hear a shout!
You claw the kobold!
You kill the kobold!
No target in view!
No target in view!
Things that are here:
a +0 dagger; a kobold corpse 2 gnolls come into view.
The gnoll shouts! x2; You hear a shout!
Things that are here:
a +0 dagger; a kobold corpse The gnoll barely misses you. x2
Things that are here:
a +0 dagger; a kobold corpse You scratch the gnoll.
The gnoll hits you but does no damage. The gnoll closely misses you.
You closely miss the gnoll. The gnoll barely misses you.
You completely miss the gnoll. The gnoll closely misses you.
The gnoll hits you with a +0 spear.
You scratch the gnoll.
The gnoll hits you from afar with a +0 halberd.
The gnoll closely misses you.
You scratch the gnoll. The gnoll hits you with a +0 spear.
The gnoll hits you from afar with a +0 halberd.
You barely miss the gnoll. The gnoll hits you with a +0 spear.
The gnoll hits you from afar with a +0 halberd!
* * * LOW HITPOINT WARNING * * *
Throwing (i - inventory. (/) - cycle)
c - 5 large rocks (quivered)
Aim: a gnoll, wielding a +0 spear (severely wounded)
You throw a large rock. The large rock hits the gnoll.
The gnoll closely misses you.
The gnoll hits you from afar with a +0 halberd!
You die...

.. #...#
#.####...#####
##....<.......#
.............#..
...............#
###.####...#####
.. ##.#.## ##
#.###.# ##.#@##
##g## #g#
#g!......
#..g.....
.....##g.
#.##... #.. ....
#.# ##..


You could see 3 gnolls.

Vanquished Creatures
  A dart slug (D:1)
  2 bats (D:1)
  A giant cockroach (D:1)
  2 goblins (D:1)
  A hobgoblin (D:1)
  2 frilled lizards (D:1)
  4 kobolds
  2 rats (D:1)
15 creatures vanquished.

Vanquished Creatures (others)
  3 toadstools (D:1)
3 creatures vanquished.

Grand Total: 18 creatures vanquished

Notes
Turn   | Place    | Note
-------+----------+-------------------------------------------
     0 | D:1      | vurker the Troll Hunter began the quest for the Orb.
     0 | D:1      | Reached XP level 1. HP: 19/19 MP: 0/0
   132 | D:1      | Reached skill level 1 in Unarmed Combat
   171 | D:1      | Reached XP level 2. HP: 28/28 MP: 1/1
   797 | D:2      | Slain by a gnoll

Levels and vault maps discovered:
D:1:      dpeg_arrival_rhombi, layout_loops_ring, minmay_gold_behind_fungi
D:2:      layout_loops_cross, uniq_crazy_yiuf_cottage, uniq_terence

Skill      XL: |  1 |
---------------+----+-----
Unarmed Combat | 1 |  1.4
Fighting       | |  1.8
Throwing       | |  3.8
Dodging        | |  1.5
Stealth        | |  0.3

Action                   || total
-------------------------++-------
Melee: Unarmed           ||    49
Throw: Large rock        ||     1
  Eat: Chunk             ||    10
Armor: Robe              ||    24
Dodge: Dodged            ||    31

Table legend:
 A = Non-vault XP
 B = Vault XP
 C = Vault XP percentage of total XP
 D = Non-vault monster count
 E = Vault monster count
 F = Vault count percentage of total count
                 A         B        C        D         E       F
            +---------+---------+-------+---------+---------+-------
      Total |      26 |       0 |   0.0 |      15 |       0 |   0.0
            +---------+---------+-------+---------+---------+-------
        D:1 |      25 |       0 |   0.0 |      14 |       0 |   0.0
        D:2 |       1 |       0 |   0.0 |       1 |       0 |   0.0
            +---------+---------+-------+---------+---------+-------
